 Dungeon Crawl Stone Soup version 0.30-a0-830-gfe289a77b0 (webtiles) character file.

Game seed: 7579212363567989231

119 cforsyth the Sneak (level 5, 0/32 HPs)
             Began as a Kobold Brigand on Feb 28, 2023.
             Slain by a gnoll bouda
             ... wielding a +0 club
              (6 damage)
             ... on level 3 of the Dungeon.
             The game lasted 00:02:14 (2365 turns).

cforsyth the Sneak (Kobold Brigand)                 Turns: 2365, Time: 00:02:15

Health: 0/32       AC:  5    Str:  8    XL:     5   Next: 24%
Magic:  5/5        EV: 15    Int: 13    God:
Gold:   169        SH:  0    Dex: 18    Spells: 4/4 levels left

rFire   . . .      SeeInvis .    j - +1 dagger (flame)
rCold   . . .      Faith    .    (no shield)
rNeg    . . .      Spirit   .    b - +0 robe
rPois   .          Reflect  .    (no helmet)
rElec   .          Harm     .    o - +1 cloak
rCorr   .          Rampage  .    (no gloves)
Will    .....                    x - +0 pair of boots
Stlth   ++++                     (no amulet)
HPRegen 0.25/turn                (no ring)
MPRegen 0.09/turn                (no ring)

@: weakened
A: small, no large weapons, nightstalker 3
a: no special abilities


You were on level 3 of the Dungeon.
You visited 1 branch of the dungeon, and saw 4 of its levels.

You collected 169 gold pieces.

Inventory:

Hand Weapons
 a - a +2 dagger
 j - a +1 dagger of flaming (weapon)
Missiles
 d - 11 poisoned darts (quivered)
 e - 3 curare-tipped darts
Armour
 b - a +0 robe (worn)
 o - a +1 cloak (worn)
 x - a +0 pair of boots (worn)
Jewellery
 n - a ring of positive energy
 p - a ring of poison resistance
 y - a +6 ring of strength
Wands
 u - a wand of roots (13)
Scrolls
 f - 3 scrolls of fog {unknown}
 g - 2 scrolls of teleportation {unknown}
 h - 2 scrolls of vulnerability {unknown}
 i - a scroll of torment {unknown}
 k - 3 scrolls of immolation {unknown}
 r - 2 scrolls of identify {unknown}
 v - a scroll of fear {unknown}
 w - a scroll of enchant weapon {unknown}
 z - a scroll of blinking {unknown}
Potions
 c - a potion of ambrosia {unknown}
 l - a potion of curing {unknown}
 m - a potion of attraction {unknown}
 q - a potion of brilliance {unknown}
 s - a potion of might {unknown}
 t - a potion of flight {unknown}


   Skills:
 + Level 3.2 Fighting
 + Level 4.0 Short Blades
 - Level 2.1 Throwing
 + Level 3.1 Dodging
 + Level 6.2 Stealth


You had 4 spell levels left.
You didn't know any spells.
Your spell library contained the following spells:

 Spells                   Type           Power      Damage    Failure   Level
 Freezing Cloud           Conj/Ice/Air   0%         6-21      100%        5
 Iskenderun's Battlesphe  Conj           0%         2d6       100%        5
 Iron Shot                Conj/Erth      0%         9d1       100%        6
 Simulacrum               Ice/Necr       0%         N/A       100%        6
 Spellforged Servitor     Conj/Summ      0%         N/A       100%        7
 Polar Vortex             Ice            0%         N/A       100%        9


Dungeon Overview and Level Annotations

Branches:
Dungeon (4/15)
 Temple: D:4-7

Altars:


Innate Abilities, Weirdness & Mutations

You are small and have problems with some larger weapons.
You are completely attuned to the shadows.


Message History

The gnoll bouda hits you with a +0 club!
You climb upwards.
There is a stone staircase leading down here.
You hit the gnoll bouda. You burn the gnoll bouda.
The gnoll bouda is lightly wounded.
The gnoll barely misses you.
You hit the gnoll bouda but do no damage.
The gnoll bouda is lightly wounded.
The gnoll bouda barks out a call to the hunt!
The gnoll picks up the pace!
The gnoll barely misses you.
You closely miss the gnoll bouda.
The gnoll bouda is lightly wounded.
The gnoll bouda hits you with a +0 club.
You completely miss the gnoll bouda.
The gnoll bouda is lightly wounded.
The gnoll bouda misses you.
You hit the gnoll bouda. You burn the gnoll bouda.
The gnoll bouda is heavily wounded.
The gnoll bouda hits you with a +0 club!
You closely miss the gnoll bouda.
The gnoll bouda is heavily wounded.
You hit the gnoll bouda. You burn the gnoll bouda.
The gnoll bouda is severely wounded.
The gnoll bouda mumbles some strange prayers to its god.
The gnoll bouda is healed somewhat.
You hit the gnoll bouda. You burn the gnoll bouda.
The gnoll bouda is severely wounded.
The gnoll bouda gazes fiercely through you!
You feel your attacks grow feeble.
The gnoll bouda hits you with a +0 club.
* * * LOW HITPOINT WARNING * * *
You hit the gnoll bouda but do no damage.
The gnoll bouda is severely wounded.
The gnoll bouda hits you with a +0 club.
* * * LOW HITPOINT WARNING * * *
You hit the gnoll bouda but do no damage.
The gnoll bouda is severely wounded.
The gnoll bouda hits you with a +0 club.
You die...

#### ...# .#.# .†.#
############# .###
#.......(...# ...#
#.#########.#
##.####.#.....gg@.#
.............>#####
...........[#.#
###########.#.#
........###.#.#
........#...#.#
........#.###.#
........#.###.#
........#.....#


You could see a gnoll bouda and a gnoll (swift).

Vanquished Creatures
  A jelly (D:4)
  A gnoll (D:4)
  2 adders (D:3)
  2 worms (D:2)
  4 ball pythons
  5 bats
  4 endoplasms
  A giant cockroach (D:2)
  11 goblins
  4 hobgoblins
  5 kobolds
  4 quokkas
  4 frilled lizards
  7 rats
55 creatures vanquished.

Notes
Turn   | Place    | Note
-------+----------+-------------------------------------------
     0 | D:1      | cforsyth the Kobold Brigand began the quest for the Orb.
     0 | D:1      | Reached XP level 1. HP: 12/12 MP: 1/1
   175 | D:1      | Found a faded altar of an unknown god.
   323 | D:1      | Reached XP level 2. HP: 18/18 MP: 2/2
   949 | D:2      | Reached XP level 3. HP: 22/22 MP: 3/3
  1578 | D:3      | Reached XP level 4. HP: 27/27 MP: 4/4
  1883 | D:3      | Reached skill level 6 in Stealth
  2163 | D:4      | Reached XP level 5. HP: 32/32 MP: 5/5
  2365 | D:3      | Slain by a gnoll bouda

Illustrated notes

Levels and vault maps discovered:
D:1:      onia_arrival_mini_spirals, layout_loops_cross,
          ebering_ecumenical_altar_hall, chequers_serial_rivers_micro_a,
          corner_web_ring
D:2:      layout_rooms
D:3:      layout_basic
D:4:      layout_basic, saegor_snake_ambush

Skill      XL: |  1  2  3  4  5 |
---------------+----------------+-----
Short Blades   | 3 4 |  4.0
Dodging        | 2 3 |  3.1
Fighting       | 3 |  3.2
Stealth        | 6 |  6.2
Throwing       | |  2.1

Action                     |  1- 3 |  4- 6 || total
---------------------------+-------+-------++-------
  Melee: Dagger            |    55 |    58 ||   113
         Punch             |     1 |     1 ||     2
   Stab: Sleeping          |    21 |    12 ||    33
         Distracted        |       |     1 ||     1
 Armour: Robe              |     6 |     8 ||    14
  Dodge: Dodged            |     8 |    31 ||    39

Table legend: (Time is in decaauts)
 A = Elapsed time spent in this place.
 B = Non-inter-level travel time spent in this place.
 C = Inter-level travel time spent in this place.
 D = Time resting spent in this place.
 E = Time spent auto-exploring this place.
 F = Levels seen in this place.
 G = Mean time per level.
                   A        B        C        D        E       F      G
               +--------+--------+--------+--------+--------+-----+--------+
         Total |   2347 |   2295 |     52 |    166 |   1770 |   4 |  586.8 |
       Dungeon |   2347 |   2295 |     52 |    166 |   1770 |   4 |  586.8 |
               +--------+--------+--------+--------+--------+-----+--------+

Top non-repeatable levels by time:
     D:1: 880 daAuts
     D:3: 805 daAuts
     D:2: 636 daAuts
     D:4: 24 daAuts
